SNL (28 & UNDER)
SANTA FE DIABLOS @ SALEM SILVER SOULS
06/26/2024
 
TOP OF THE 1ST
Santa Fe Diablos batting - Pitching for Salem Silver Souls : RHP Ron Biller
Pitching: RHP Ron Biller
Batting: RHB Emílio Bruno 0-0: SINGLE (Line Drive, 7LS)
Batting: RHB Naomi Kitamura 0-0: Ball
Emílio Bruno is caught stealing 2nd base
1-0: Called Strike
1-1: Ground out 4-3 (Groundball, 4M)
Batting: LHB Ricardo Márquez 0-0: Called Strike
0-1: Foul Ball, location: 2F
0-2: Foul Ball, location: 2F
0-2: Ball
1-2: SINGLE (Groundball, 6MD)
Batting: SHB António Hernández 0-0: Foul Ball, location: 2F
0-1: Ball
1-1: Ball
2-1: Ball
3-1: Called Strike
3-2: Base on Balls
Ricardo Márquez to second
Batting: RHB Robinson Pacheco 0-0: Ball
1-0: Ball
2-0: Fly out, F4 (Popup, 4M)
Top of the 1st over - 0 run(s), 2 hit(s), 0 error(s), 2 left on base; Santa Fe 0 - Salem 0
BOTTOM OF THE 1ST
Salem Silver Souls batting - Pitching for Santa Fe Diablos : RHP Darryl Carter
Pitching: RHP Darryl Carter
Batting: RHB Félix García 0-0: Called Strike
0-1: Ball
1-1: Ball
2-1: Swinging Strike
2-2: Foul Ball, location: 2F
2-2: Foul Ball, location: 2F
2-2: Strikes out looking
Batting: LHB Bill Smith 0-0: Called Strike
0-1: Swinging Strike
0-2: Strikes out looking
Batting: RHB Juan Vareas 0-0: Fly out, F8 (Flyball, 8RM)
Bottom of the 1st over - 0 run(s), 0 hit(s), 0 error(s), 0 left on base; Santa Fe 0 - Salem 0
TOP OF THE 2ND
Santa Fe Diablos batting - Pitching for Salem Silver Souls : RHP Ron Biller
Batting: RHB Jorge Rodríguez 0-0: Ball
1-0: Foul Ball, location: 2F
1-1: Ball
2-1: Foul Ball, location: 2F
2-2: DOUBLE (Line Drive, 7LS)
Batting: RHB Ray Davis 0-0: Ground out 6-3 (Groundball, 6M)
Jorge Rodríguez to third
Batting: RHB Michael Anderson 0-0: Hit by Pitch
Batting: RHB Richard Wilkins 0-0: SINGLE (Popup, 4MD)
Jorge Rodríguez scores
Michael Anderson to second
Batting: RHB Emílio Bruno 0-0: Swinging Strike
0-1: Ball
1-1: Called Strike
1-2: Strikes out swinging
Batting: RHB Naomi Kitamura 0-0: Called Strike
0-1: Ball
1-1: Ground out 5-3 (Groundball, 56)
Top of the 2nd over - 1 run(s), 2 hit(s), 0 error(s), 2 left on base; Santa Fe 1 - Salem 0
BOTTOM OF THE 2ND
Salem Silver Souls batting - Pitching for Santa Fe Diablos : RHP Darryl Carter
Batting: SHB Todd Smith 0-0: Ball
1-0: Ball
2-0: Fly out, F8 (Line Drive, 8LM)
Batting: LHB Millard Dye 0-0: Foul Ball, location: 2F
0-1: SOLO HOME RUN (Flyball, 9D), Distance : 377 ft
Batting: RHB Jesús Gutiérrez 0-0: SINGLE (Line Drive, 4D)
Batting: RHB Willie Houk 0-0: Ball
1-0: Ball
2-0: Ball
3-0: Base on Balls
Jesús Gutiérrez to second
Batting: RHB Alejandro Martínez 0-0: Called Strike
Willie Houk is caught stealing 2nd base
0-1: Swinging Strike
0-2: Ball
1-2: Strikes out swinging
Bottom of the 2nd over - 1 run(s), 2 hit(s), 0 error(s), 1 left on base; Santa Fe 1 - Salem 1
TOP OF THE 3RD
Santa Fe Diablos batting - Pitching for Salem Silver Souls : RHP Ron Biller
Batting: LHB Ricardo Márquez 0-0: SINGLE (Flyball, 8LM)
Batting: SHB António Hernández 0-0: Ball
1-0: Foul Ball, location: 2F
1-1: Ball
2-1: SINGLE (Line Drive, 8LS)
Ricardo Márquez to second
Batting: RHB Robinson Pacheco 0-0: Ball
1-0: Called Strike
1-1: Ball
Wild Pitch!
Ricardo Márquez to third
António Hernández to second
2-1: Foul Ball, location: 2F
2-2: Foul Ball, location: 2F
2-2: Ground out 6-3 (Groundball, 6)
Ricardo Márquez scores
Batting: RHB Jorge Rodríguez 0-0: Called Strike
0-1: Ball
1-1: Foul Ball, location: 2F
1-2: Ball
2-2: Ball
3-2: Base on Balls
Batting: RHB Ray Davis 0-0: Called Strike
0-1: Foul Ball, location: 2F
0-2: Strikes out swinging
Batting: RHB Michael Anderson 0-0: Ball
1-0: Ball
2-0: Ball
3-0: Base on Balls
António Hernández to third
Jorge Rodríguez to second
Batting: RHB Richard Wilkins 0-0: Called Strike
0-1: Reached on error, E3 (Groundball, 3)
António Hernández scores
Jorge Rodríguez to third
Michael Anderson to second
Batting: RHB Emílio Bruno 0-0: Ball
1-0: Fly out, F7 (Line Drive, 78M)
Top of the 3rd over - 2 run(s), 2 hit(s), 1 error(s), 3 left on base; Santa Fe 3 - Salem 1
BOTTOM OF THE 3RD
Salem Silver Souls batting - Pitching for Santa Fe Diablos : RHP Darryl Carter
Batting: SHB Francis Shaffer 0-0: Called Strike
0-1: Foul Ball, location: 2F
0-2: Ball
1-2: Foul Ball, location: 2F
1-2: Strikes out swinging
Batting: RHB Félix García 0-0: Ball
1-0: Foul Ball, location: 2F
1-1: Called Strike
1-2: Foul Ball, location: 2F
1-2: SINGLE (Flyball, 8RS)
Batting: LHB Bill Smith 0-0: Called Strike
0-1: SINGLE (Line Drive, 89S)
Félix García to second
Batting: RHB Juan Vareas 0-0: Foul Ball, location: 2F
0-1: Foul Ball, location: 2F
0-2: Fly out, F7 (Flyball, 78M)
Batting: SHB Todd Smith 0-0: Ball
1-0: Ground out 1-3 (Groundball, 25)
Bottom of the 3rd over - 0 run(s), 2 hit(s), 0 error(s), 2 left on base; Santa Fe 3 - Salem 1
TOP OF THE 4TH
Santa Fe Diablos batting - Pitching for Salem Silver Souls : RHP Ron Biller
Batting: RHB Naomi Kitamura 0-0: Ball
1-0: Foul Ball, location: 2F
1-1: Swinging Strike
1-2: Ball
2-2: Ball
3-2: Strikes out swinging
Batting: LHB Ricardo Márquez 0-0: Called Strike
0-1: Swinging Strike
0-2: Ball
1-2: Ball
2-2: Strikes out swinging
Batting: SHB António Hernández 0-0: Ball
1-0: Ball
2-0: Ground out 5-3 (Groundball, 56S)
Top of the 4th over - 0 run(s), 0 hit(s), 0 error(s), 0 left on base; Santa Fe 3 - Salem 1
BOTTOM OF THE 4TH
Salem Silver Souls batting - Pitching for Santa Fe Diablos : RHP Darryl Carter
Batting: LHB Millard Dye 0-0: Reached on error, E4 (Groundball, 4)
Batting: RHB Jesús Gutiérrez 0-0: Swinging Strike
0-1: SINGLE (Line Drive, 7S)
Millard Dye to second
Batting: RHB Willie Houk 0-0: Foul Ball, location: 2F
0-1: Called Strike
0-2: Strikes out swinging
Batting: RHB Alejandro Martínez 0-0: Swinging Strike
0-1: Foul Ball, location: 2F
0-2: Ball
1-2: Grounds into double play, 5-4-3 (Groundball, 5)
Bottom of the 4th over - 0 run(s), 1 hit(s), 1 error(s), 1 left on base; Santa Fe 3 - Salem 1
TOP OF THE 5TH
Santa Fe Diablos batting - Pitching for Salem Silver Souls : RHP Ron Biller
Batting: RHB Robinson Pacheco 0-0: Foul Ball, location: 2F
0-1: Called Strike
0-2: Ball
1-2: Strikes out swinging
Batting: RHB Jorge Rodríguez 0-0: Swinging Strike
0-1: Foul Ball, location: 2F
0-2: Ball
1-2: Ball
2-2: Foul Ball, location: 2F
2-2: SINGLE (Line Drive, 56D)
Batting: RHB Ray Davis 0-0: Ball
1-0: Called Strike
1-1: Ball
2-1: Ground out 5-3 (Groundball, 5S)
Jorge Rodríguez to second
Batting: RHB Michael Anderson 0-0: Ball
1-0: Ball
2-0: Ball
3-0: Called Strike
3-1: Swinging Strike
3-2: Foul Ball, location: 2F
3-2: Foul Ball, location: 2F
3-2: Base on Balls
Batting: RHB Richard Wilkins 0-0: Called Strike
0-1: Called Strike
0-2: Foul Ball, location: 2F
0-2: Ball
1-2: Ball
2-2: Strikes out swinging
Top of the 5th over - 0 run(s), 1 hit(s), 0 error(s), 2 left on base; Santa Fe 3 - Salem 1
BOTTOM OF THE 5TH
Salem Silver Souls batting - Pitching for Santa Fe Diablos : RHP Darryl Carter
Batting: SHB Francis Shaffer 0-0: Ball
1-0: Foul Ball, location: 2F
1-1: Ball
2-1: Ground out U3 (Groundball, 3L)
Batting: RHB Félix García 0-0: Ball
1-0: SINGLE (Line Drive, 9S)
Batting: LHB Bill Smith 0-0: Ball
1-0: Foul Ball, location: 2F
1-1: SINGLE (Flyball, 9S)
Félix García to second
Runner from 2nd tries for 3rd, SAFE, throw made to third
Bill Smith to second
Batting: RHB Juan Vareas 0-0: Ball
1-0: Ball
2-0: Fly out, F4 (Popup, 3D)
Batting: SHB Todd Smith 0-0: Ball
1-0: Ball
2-0: Ground out U3 (Groundball, 3)
Bottom of the 5th over - 0 run(s), 2 hit(s), 0 error(s), 2 left on base; Santa Fe 3 - Salem 1
TOP OF THE 6TH
Santa Fe Diablos batting - Pitching for Salem Silver Souls : RHP Ron Biller
Batting: RHB Emílio Bruno 0-0: Ground out 6-3 (Groundball, 6)
Batting: RHB Naomi Kitamura 0-0: Called Strike
0-1: Swinging Strike
0-2: Strikes out swinging
Batting: LHB Ricardo Márquez 0-0: Ball
1-0: Foul Ball, location: 2F
1-1: Ball
2-1: Ground out U3 (Groundball, 3L)
Top of the 6th over - 0 run(s), 0 hit(s), 0 error(s), 0 left on base; Santa Fe 3 - Salem 1
BOTTOM OF THE 6TH
Salem Silver Souls batting - Pitching for Santa Fe Diablos : RHP Darryl Carter
Batting: LHB Millard Dye 0-0: Ball
1-0: Ball
2-0: Called Strike
2-1: Ball
3-1: Base on Balls
Pitching: RHP Raúl Gómez
Batting: RHB Jesús Gutiérrez 0-0: Fly out, F7 (Flyball, 78D)
Batting: RHB Willie Houk 0-0: Called Strike
0-1: Swinging Strike
0-2: Strikes out looking
Batting: RHB Alejandro Martínez 0-0: Foul Ball, location: 2F
0-1: Ground out 6-3 (Groundball, 6)
Bottom of the 6th over - 0 run(s), 0 hit(s), 0 error(s), 1 left on base; Santa Fe 3 - Salem 1
TOP OF THE 7TH
Santa Fe Diablos batting - Pitching for Salem Silver Souls : RHP Ron Biller
Pitching: RHP Javier Valenzuela
Batting: SHB António Hernández 0-0: Ball
1-0: Foul Ball, location: 2F
1-1: Called Strike
1-2: Foul Ball, location: 2F
1-2: Foul Ball, location: 2F
1-2: Ball
2-2: Foul Ball, location: 2F
2-2: Ball
3-2: Ground out 6-3 (Groundball, 6)
Batting: RHB Robinson Pacheco 0-0: Swinging Strike
0-1: Ball
1-1: Swinging Strike
1-2: Strikes out looking
Batting: RHB Jorge Rodríguez 0-0: Foul Ball, location: 2F
0-1: Called Strike
0-2: Foul Ball, location: 2F
0-2: Ball
1-2: Ball
2-2: Strikes out swinging
Top of the 7th over - 0 run(s), 0 hit(s), 0 error(s), 0 left on base; Santa Fe 3 - Salem 1
BOTTOM OF THE 7TH
Salem Silver Souls batting - Pitching for Santa Fe Diablos : RHP Raúl Gómez
Batting: SHB Francis Shaffer 0-0: SINGLE (Groundball, 34)
Pinch Runner at 1st Jermaine Carter:
Batting: RHB Félix García 0-0: Called Strike
0-1: Ball
1-1: Foul Ball, location: 2F
1-2: Foul Ball, location: 2F
1-2: Ball
2-2: Ball
3-2: Foul Ball, location: 2F
3-2: Foul Ball, location: 2F
3-2: Ground out 6-3 (Groundball, 6)
Jermaine Carter to second
Batting: LHB Bill Smith 0-0: Ball
1-0: Ball
2-0: Called Strike
2-1: Called Strike
2-2: Strikes out looking
Batting: RHB Juan Vareas 0-0: Ball
1-0: Ground out 4-3 (Groundball, 4)
Bottom of the 7th over - 0 run(s), 1 hit(s), 0 error(s), 1 left on base; Santa Fe 3 - Salem 1
TOP OF THE 8TH
Santa Fe Diablos batting - Pitching for Salem Silver Souls : RHP Javier Valenzuela
Pitching: RHP Dave Woods
Now at 3B: Ánibal Martínez
Batting: RHB Ray Davis 0-0: Ball
1-0: Foul Ball, location: 2F
1-1: Ball
2-1: Foul Ball, location: 2F
2-2: Foul Ball, location: 2F
2-2: Strikes out swinging
Batting: RHB Michael Anderson 0-0: Ball
1-0: Ball
2-0: Hit by Pitch
Batting: RHB Richard Wilkins 0-0: Ball
1-0: Foul Ball, location: 2F
1-1: Ball
2-1: Ball
3-1: SINGLE (Groundball, 56D) (infield hit)
Michael Anderson to second
Batting: RHB Emílio Bruno 0-0: Foul Ball, location: 2F
0-1: Ball
1-1: Ball
2-1: Foul Ball, location: 2F
2-2: Foul Ball, location: 2F
2-2: Strikes out looking
Batting: RHB Naomi Kitamura 0-0: Ball
1-0: Called Strike
1-1: Ball
2-1: Ball
3-1: Base on Balls
Michael Anderson to third
Richard Wilkins to second
Batting: LHB Ricardo Márquez 0-0: Called Strike
0-1: SINGLE (Line Drive, 9LM)
Michael Anderson scores
Richard Wilkins to third
Naomi Kitamura to second
Runner from 3rd tries for Home, SAFE, no throw or cutoff
Batting: SHB António Hernández 0-0: Called Strike
0-1: DOUBLE (Line Drive, 78M)
Naomi Kitamura scores
Ricardo Márquez to third
Runner from 3rd tries for Home, SAFE, no throw or cutoff
Batting: RHB Robinson Pacheco 0-0: Swinging Strike
0-1: Ball
1-1: Swinging Strike
1-2: Foul Ball, location: 2F
1-2: Ball
2-2: Ball
3-2: 2-RUN HOME RUN (Flyball, 78XD), Distance : 411 ft
Batting: RHB Jorge Rodríguez 0-0: Ground out 5-3 (Groundball, 56)
Top of the 8th over - 6 run(s), 4 hit(s), 0 error(s), 0 left on base; Santa Fe 9 - Salem 1
BOTTOM OF THE 8TH
Salem Silver Souls batting - Pitching for Santa Fe Diablos : RHP Raúl Gómez
Pitching: RHP David Sheppard
Now at 2B: George Adams
Batting: SHB Todd Smith 0-0: Called Strike
0-1: Foul Ball, location: 2F
0-2: SOLO HOME RUN (Flyball, 9D), Distance : 394 ft
Batting: LHB Millard Dye 0-0: Ball
1-0: Ball
2-0: Foul Ball, location: 2F
2-1: Called Strike
2-2: Foul Ball, location: 2F
2-2: Fly out, F6 (Popup, 5D)
Batting: RHB Jesús Gutiérrez 0-0: Fly out, F9 (Flyball, 9LM)
Pitching: RHP Bill Morris
Batting: RHB Willie Houk 0-0: Called Strike
0-1: Called Strike
0-2: Strikes out swinging
Bottom of the 8th over - 1 run(s), 1 hit(s), 0 error(s), 0 left on base; Santa Fe 9 - Salem 2
TOP OF THE 9TH
Santa Fe Diablos batting - Pitching for Salem Silver Souls : RHP Dave Woods
Pitching: RHP Manuel Fuentes
Batting: RHB Ray Davis 0-0: Ball
1-0: Ball
2-0: Called Strike
2-1: Foul Ball, location: 2F
2-2: Strikes out swinging
Batting: RHB Michael Anderson 0-0: Foul Ball, location: 2F
0-1: Ball
1-1: Foul Ball, location: 2F
1-2: Foul Ball, location: 2F
1-2: Ball
2-2: Foul Ball, location: 2F
2-2: Strikes out swinging
Batting: RHB Richard Wilkins 0-0: Ball
1-0: Ball
2-0: Ball
3-0: Base on Balls
Batting: RHB Emílio Bruno 0-0: Foul Ball, location: 2F
0-1: Ball
1-1: Called Strike
1-2: Foul Ball, location: 2F
1-2: Strikes out swinging
Top of the 9th over - 0 run(s), 0 hit(s), 0 error(s), 1 left on base; Santa Fe 9 - Salem 2
BOTTOM OF THE 9TH
Salem Silver Souls batting - Pitching for Santa Fe Diablos : RHP Bill Morris
Batting: RHB Alejandro Martínez 0-0: Foul Ball, location: 2F
0-1: Ball
1-1: Called Strike
1-2: Ground out 6-3 (Groundball, 56)
Batting: RHB Ánibal Martínez 0-0: Foul Ball, location: 2F
0-1: Fly out, F9 (Flyball, 89S)
Batting: RHB Félix García 0-0: Ball
1-0: Ball
2-0: Ball
3-0: Base on Balls
Batting: LHB Bill Smith 0-0: Swinging Strike
0-1: Ball
1-1: DOUBLE (Line Drive, 9D)
Félix García to third
Runner from 3rd tries for Home, SAFE, no throw or cutoff
Batting: RHB Juan Vareas 0-0: Ball
1-0: Foul Ball, location: 2F
1-1: Ball
2-1: SINGLE (Groundball, 56)
Bill Smith to third
Runner from 3rd tries for Home, SAFE, no throw or cutoff
Batting: SHB Todd Smith 0-0: Called Strike
0-1: Called Strike
0-2: Ball
1-2: Ball
2-2: Strikes out swinging
Bottom of the 9th over - 2 run(s), 2 hit(s), 0 error(s), 1 left on base; Santa Fe 9 - Salem 4
This league is powered by Out of the Park Baseball, the baseball management simulation game for PC, Mac and Linux
Saturday, April 9th, 2016 - OOTP Baseball 16.8 Build 38